 Dungeon Crawl Stone Soup version 0.22.0-36-g8e74550 (webtiles) character file.

18 Folque the Covered (level 2, 18/26 HPs)
             Began as a Gnoll Wanderer on Aug 24, 2018.
             Got out of the dungeon alive.
             The game lasted 00:01:45 (134 turns).

Folque the Covered (Gnoll Wanderer)                  Turns: 134, Time: 00:01:45

Health: 18/26      AC:  9    Str: 12    XL:     2   Next: 66%
Magic:  2/2        EV: 10    Int: 17    God:
Gold:   10         SH:  0    Dex: 13    Spells: 2/2 levels left

rFire    . . .     SeeInvis .   f - +0 hand axe
rCold    . . .     Gourm    .   (no shield)
rNeg     . . .     Faith    .   a - +2 scale mail
rPois    .         Spirit   .   (no helmet)
rElec    .         Reflect  .   (no cloak)
rCorr    .         Harm     .   (no gloves)
MR       .....                  (no boots)
Stlth    ..........             (no amulet)
HPRegen  0.08/turn              (no ring)
MPRegen  0.08/turn              (no ring)

@: no status effects
A: distributed training, fangs 1, strong nose
a: no special abilities


You escaped.
You were not hungry.

You visited 1 branch of the dungeon, and saw 1 of its levels.

You collected 10 gold pieces.

Inventory:

Hand Weapons
 b - a +0 short sword
 f - a +0 hand axe (weapon)
Armour
 a - a +2 scale mail (worn)
Scrolls
 c - a scroll of teleportation
 g - a scroll of remove curse {unknown}
 j - a scroll of immolation {unknown}
Potions
 e - 2 potions of agility {unknown}
 h - a potion of resistance {unknown}
Comestibles
 d - a ration
 i - 4 chunks of flesh


   Skills:
 + Level 4.5 Fighting
 + Level 0.5 Short Blades
 + Level 0.5 Long Blades
 + Level 2.5 Axes
 + Level 0.5 Maces & Flails
 + Level 0.5 Polearms
 + Level 0.5 Staves
 + Level 0.5 Slings
 + Level 0.5 Bows
 + Level 0.5 Crossbows
 + Level 2.5 Throwing
 + Level 6.5 Armour
 + Level 2.5 Dodging
 + Level 0.5 Stealth
 + Level 2.5 Shields
 + Level 2.5 Unarmed Combat
 + Level 0.5 Spellcasting
 + Level 0.3 Conjurations
 + Level 0.3 Hexes
 + Level 0.3 Charms
 + Level 0.3 Summonings
 + Level 0.3 Necromancy
 + Level 0.3 Translocations
 + Level 0.3 Transmutations
 + Level 0.3 Fire Magic
 + Level 0.3 Ice Magic
 + Level 0.3 Air Magic
 + Level 0.3 Earth Magic
 + Level 0.3 Poison Magic
 + Level 0.6 Invocations
 + Level 0.5 Evocations


You had 2 spell levels left.
You didn't know any spells.
Your spell library was empty.

Dungeon Overview and Level Annotations

Branches:
Dungeon (1/15)

Altars:


Innate Abilities, Weirdness & Mutations

Your experience applies equally to all skills.
You have very sharp teeth.
Your uncanny sense of smell can sniff out nearby items.


Message History

You hit the bat but do no damage. The bat hits you.
The bat hits you but does no damage.
A goblin comes into view. It is wielding a dagger.
The goblin shouts!
The bat closely misses you.
You hit the bat.
You kill the bat!
You barely miss the goblin. You bite the goblin.
The goblin is moderately wounded.
The goblin hits you but does no damage.
You hit the goblin.
You kill the goblin!
You see here a bat corpse.
You butcher the bat corpse.
i - 4 chunks of flesh (gained 1)
Things that are here:
a dagger; a frilled lizard skeleton
There is a staircase leading out of the dungeon here.
Are you sure you want to leave the Dungeon?
This will make you lose the game!
You have escaped!

#.... .......#....
#....##....##...........
#..........##.... ....#
.[..............# ....#.
................##......
........................
.....(..........).......
.......(..........##....
.......@..........##....
.................)......
..........).............
.................##.....
.................##.....
.........(..............
.##..........##........#
#....##....##........#
.......##............###


There were no monsters in sight!

Vanquished Creatures
  An ooze (D:1)
  A leopard gecko (D:1)
  A giant cockroach (D:1)
  4 goblins (D:1)
  A hobgoblin (D:1)
  A bat (D:1)
  2 frilled lizards (D:1)
  A kobold (D:1)
12 creatures vanquished.

Notes
Turn   | Place    | Note
-------+----------+-------------------------------------------
     0 | D:1      | Folque the Gnoll Wanderer began the quest for the Orb.
     0 | D:1      | Folque set off with: a +2 scale mail, a +0 short sword, a scroll of teleportation, a ration
     0 | D:1      | Reached XP level 1. HP: 20/20 MP: 1/1
    39 | D:1      | Reached XP level 2. HP: 20/26 MP: 2/2
   134 | D:$      | Got out of the dungeon alive.

Action                   || total
-------------------------++-------
Melee: Short sword       ||    11
       Hand axe          ||    39
       Bite              ||     5
       Punch             ||     2
Armor: Scale mail        ||    39
Dodge: Dodged            ||    38
